 Dungeon Crawl Stone Soup version 0.16.1-4-g8e1b745 (webtiles) character file.

4944 Radiman the Cleaver (level 10, -1/77 HPs)
             Began as a Centaur Fighter on Mar 27, 2015.
             Was an Elder of Zin.
             Slain by a water moccasin (7 damage)
             ... on level 9 of the Dungeon.
             The game lasted 01:02:20 (9608 turns).

Radiman the Cleaver (Centaur Fighter)               Turns: 9608, Time: 01:02:20

Health: -1/77      AC:  8    Str: 23    XL:     10   Next: 28%
Magic:  7/7        EV:  6    Int:  7    God:    Zin [****..]
Gold:   320        SH:  8    Dex:  8    Spells: 0 memorised, 9 levels left

rFire  + . .     SeeInvis .     G - +2 flail (crush)
rCold  + . .     Clarity  .     w - +0 ring mail {rF+}
rNeg   . . .     SustAb   .     c - +0 shield
rPois  .         Gourm    .     f - +1 helmet
rElec  .         Spirit   .     I - -5 cloak of Narcissism {Regen+}
rCorr  .         Warding  .     L - +0 pair of gloves
rMut   .         Stasis   .     (no barding)
MR     +....                    (no amulet)
Stlth  ..........               q - +3 ring of protection
                                n - ring of protection from cold

@: lethally poisoned (-1 -> -2), very quick, somewhat resistant to hostile
enchantments, extremely unstealthy
A: hooves 3, breathe flames 1, deformed body, deterioration 1, speed 2, magic
resistance 1, tough skin 3
a: Recite, Vitalisation, Imprison, Renounce Religion, Breathe Fire


You were on level 9 of the Dungeon.
You worshipped Zin.
Zin was greatly pleased with you.
You were not hungry.

You visited 2 branches of the dungeon, and saw 10 of its levels.

You collected 576 gold pieces.
You spent 199 gold pieces at shops.
You donated 57 gold pieces to Zin.

Inventory:

Hand weapons
 a - a +0 war axe
 i - a cursed +0 whip of freezing
 G - a +2 flail of crushing (weapon)
 H - a +0 flail of holy wrath
Armour
 c - a +0 shield (worn)
 f - a +1 helmet (worn)
 w - a +0 ring mail of fire resistance (worn)
 I - the -5 cloak of Narcissism (worn) {Regen+}
   (You bought it in a shop on level 8 of the Dungeon)

   It increases your rate of regeneration.
 L - a +0 pair of gloves (worn)
Jewellery
 n - a ring of protection from cold (left hand)
 q - a +3 ring of protection (right hand)
 y - an uncursed amulet of regeneration
Magical devices
 b - a wand of polymorph (19)
 m - a wand of confusion (25)
 F - a wand of disintegration (9)
 J - a wand of magic darts (4)
 N - a wand of magic darts (31)
Scrolls
 g - 3 scrolls of fog
 h - a scroll of enchant weapon
 k - 5 scrolls of amnesia
 o - 7 scrolls of remove curse
 t - 2 scrolls of fear
 z - 3 scrolls of immolation
 B - a scroll of recharging
 P - a scroll of enchant armour {unknown}
Potions
 e - 3 potions of might
 j - a potion of ambrosia
 p - 2 potions of haste
 r - a potion of flight {unknown}
 s - 2 potions of restore abilities {unknown}
 x - a potion of heal wounds {unknown}
 C - a potion of brilliance
 K - a potion of poison {unknown}
Books
 v - a Necronomicon {highlevel, unknown}

   This book is beyond your current level of understanding.

   Spells                             Type                      Level
   a - Haunt                          Necromancy/Summoning         7
   b - Borgnjor's Revivification      Necromancy                   8
   c - Death's Door                   Charms/Necromancy            8
   d - Necromutation                  Transmutation/Necromancy     8
   Zin opposes the use of such an evil item.
Comestibles
 d - 7 bread rations
 l - 8 chunks of flesh
 D - 24 fruits
 M - a slice of pizza


   Skills:
 - Level 3.3 Fighting
 - Level 11.3(12.1) Axes
 * Level 7.3(10.3) Maces & Flails
 - Level 2.9 Armour
 - Level 0.1 Dodging
 - Level 2.4 Shields


You had 9 spell levels left.
You didn't know any spells.

Dungeon Overview and Level Annotations

Branches:
Dungeon (9/15)             Temple (1/1) D:5            Lair (0/8) D:9
    Orc: D:9-12

Altars:
Ashenzari
Cheibriados
Dithmenos
Elyvilon
Fedhas
Gozag
Kikubaaqudgha
Makhleb
Nemelex Xobeh
Okawaru
Qazlal
Ru
Sif Muna
Trog
Vehumet
Xom
Yredelemnul
Zin
The Shining One

Shops:
D:7 (   D:8 ![}

Annotations:
D:9 Maurice


Innate Abilities, Weirdness & Mutations

You have hooves in place of feet.
Armour fits poorly on your strangely shaped body.
You cover ground very quickly.
You have extremely tough skin (AC +3).
You can breathe flames.
Your body is slowly deteriorating.
You are resistant to hostile enchantments.


Message History

You kill the yak!
You feel sick. You block the water moccasin's attack.
The water moccasin bites you.
* * * LOW HITPOINT WARNING * * *
You miss the water moccasin. Your kick misses the water moccasin.
You feel sick. The water moccasin bites you!
* * * LOW HITPOINT WARNING * * *
You barely miss the water moccasin. The water moccasin bites you.
* * * LOW HITPOINT WARNING * * *
You hit the water moccasin! Your kick misses the water moccasin.
The water moccasin is heavily wounded.
You feel sick.
The water moccasin bites you but does no damage.
The water moccasin bites you.
* * * LOW HITPOINT WARNING * * *
You hit the water moccasin.
You kick the water moccasin, but do no damage.
The water moccasin is severely wounded.
The water moccasin bites you!
You die...

#..#....#
##.#....#
#......#####
##.........#
#.........#
##..>.....#
#........#
##.......#
#...@...#
#...†S..#
#..>........
#.......####
#.......#
###+###.# .#
.#


You could see a water moccasin.

Vanquished Creatures
  Pikel (D:6)
  A cyclops (D:8)
  A troll (D:8)
  7 yaks
  Menkaure (D:6)
  A sky beast (D:5)
  A black bear (D:6)
  4 ogres
  A necrophage (D:7)
  2 slaves (D:6)
  2 phantoms
  4 centaurs
  A giant frog (D:7)
  2 big kobolds
  A gnoll sergeant (D:9)
  2 scorpions
  An electric eel (D:7)
  2 crimson imps (D:9)
  A goliath beetle (D:7)
  A giant frog zombie (D:7)
  2 orc priests
  6 hounds
  A centaur skeleton (D:9)
  3 giant frog skeletons
  3 iguanas
  6 orc wizards
  6 worker ants
  2 killer bee zombies
  A hound zombie (D:6)
  2 hound skeletons
  18 adders
  4 gnolls
  A shadow imp (D:6)
  3 worms
  3 giant mites
  An adder zombie (D:5)
  4 giant geckos
  17 orcs
  3 ball pythons
  2 bat skeletons
  8 giant cockroaches
  14 hobgoblins
  9 jackals
  10 kobolds
  14 bats
  5 giant newts
  6 goblins
  5 quokkas
  A quokka skeleton (D:5)
  A quokka zombie (D:8)
  12 rats
  A ballistomycete (D:7)
  A fungus (D:9)
212 creatures vanquished.

Vanquished Creatures (others)
  A crimson imp (D:7)
  An orc wizard (D:5)
  A giant cockroach (D:5)
  A goblin (D:5)
  A giant gecko (D:5)
  A giant spore (D:7)
  A kobold (D:7)
7 creatures vanquished.

Grand Total: 219 creatures vanquished

Notes
Turn   | Place    | Note
--------------------------------------------------------------
     0 | D:1      | Radiman, the Centaur Fighter, began the quest for the Orb.
     0 | D:1      | Reached XP level 1. HP: 19/19 MP: 1/1
   261 | D:1      | Reached XP level 2. HP: 26/26 MP: 2/2
   613 | D:2      | Reached XP level 3. HP: 19/31 MP: 3/3
  1529 | D:3      | Found an iron altar of Okawaru.
  1723 | D:3      | Reached XP level 4. HP: 31/38 MP: 3/3
  1724 | D:3      | Found a sparkling altar of Nemelex Xobeh.
  1938 | D:3      | Reached XP level 5. HP: 29/45 MP: 4/4
  1961 | D:3      | Reached skill level 4 in Axes
  2431 | D:4      | Reached XP level 6. HP: 32/51 MP: 5/5
  2539 | D:4      | Gained mutation: Your body is slowly deteriorating. [potion of mutation]
  2539 | D:4      | Gained mutation: You can breathe flames. [potion of mutation]
  2539 | D:4      | Gained mutation: You are resistant to hostile enchantments. [potion of mutation]
  2540 | D:4      | HP: 2/51 [poisoned by an adder]
  2550 | D:4      | Reached skill level 5 in Axes
  3094 | D:4      | Found a snail-covered altar of Cheibriados.
  3163 | D:5      | Entered Level 5 of the Dungeon
  3163 | D:5      | Found a bloodstained altar of Trog.
  3290 | D:5      | Reached skill level 6 in Axes
  3290 | D:5      | Reached XP level 7. HP: 42/57 MP: 5/5
  3436 | D:5      | Found a staircase to the Ecumenical Temple.
  3447 | Temple   | Entered the Ecumenical Temple
  3472 | Temple   | Became a worshipper of Zin the Law-Giver
  3472 | Temple   | Acquired Zin's first power
  3954 | D:5      | Reached skill level 7 in Axes
  4019 | D:5      | Found a shimmering altar of Xom.
  4546 | D:6      | Noticed Pikel
  4671 | D:6      | Reached skill level 8 in Axes
  4745 | D:6      | Reached XP level 8. HP: 47/63 MP: 6/6
  4840 | D:6      | Found a stormy altar of Qazlal.
  4857 | D:6      | Found a burning altar of Makhleb.
  5006 | D:6      | Killed Pikel
  5006 | D:6      | Reached skill level 9 in Axes
  5144 | D:6      | Noticed Menkaure
  5150 | D:6      | Killed Menkaure
  5180 | D:6      | Reached skill level 10 in Axes
  5211 | D:6      | Reached XP level 9. HP: 24/70 MP: 7/7
  5215 | D:6      | Acquired Zin's second power
  6241 | D:7      | Acquired Zin's third power
  6368 | D:7      | Reached skill level 11 in Axes
  6477 | D:7      | Found Zinargh's Antique Weapon Boutique.
  6528 | D:7      | Found an ancient bone altar of Kikubaaqudgha.
  6965 | D:8      | Noticed a hill giant
  7713 | D:8      | Found Xierub's Gadget Shoppe.
  7769 | D:8      | Reached skill level 1 in Maces & Flails
  7979 | D:8      | Found Azxu's Antique Armour Shop.
  7989 | D:8      | Bought a translucent cloak for 199 gold pieces
  7999 | D:8      | Identified the cursed -5 cloak of Narcissism {Regen+} (You bought it in a shop on level 8 of the Dungeon)
  8013 | D:8      | Found Haodil's Distillery.
  8522 | D:8      | Noticed a cyclops
  8531 | D:8      | HP: 3/70 [cyclops/large rock (33)]
  8537 | D:8      | HP: 1/70 [poisoned by a scorpion]
  8734 | D:8      | Killed a cyclops
  8734 | D:8      | Reached skill level 5 in Maces & Flails
  8993 | D:9      | Reached XP level 10. HP: 66/77 MP: 7/7
  9119 | D:9      | Found a staircase to the Lair.
  9259 | D:9      | Noticed Maurice
  9445 | D:9      | Zin protects you from harm!
  9608 | D:9      | Slain by a water moccasin

Action                   |  1- 3 |  4- 6 |  7- 9 | 10-12 || total
-------------------------+-------+-------+-------+-------++-------
Melee: War axe           |   106 |   184 |   368 |       ||   658
       Mace              |    14 |    60 |       |       ||    74
       Flail             |       |       |   122 |   100 ||   222
  Use: Scroll            |     4 |     5 |     6 |     2 ||    17
       Potion            |       |     3 |     2 |     1 ||     6
  Eat: Chunk             |     2 |       |     4 |     2 ||     8
       Bread ration      |       |     1 |       |       ||     1
       Meat ration       |       |       |     1 |       ||     1
       Royal jelly       |       |       |     1 |       ||     1
       Pizza             |       |       |     3 |       ||     3
